 Dungeon Crawl Stone Soup version 0.22-a0-283-g1871b15 (webtiles) character file.

14 4thArraOfDagon the Slasher (level 2, 0/22 HPs)
             Began as a Formicid Warper on Mar 19, 2018.
             Slain by a slave (2 damage)
             ... led by Pikel
             ... on level 4 of the Dungeon.
             The game lasted 00:01:13 (562 turns).

4thArraOfDagon the Slasher (Formicid Warper)         Turns: 562, Time: 00:01:14

Health: 0/22       AC:  3    Str: 15    XL:     2   Next: 55%
Magic:  5/5        EV: 11    Int: 12    God:
Gold:   0          SH:  0    Dex: 10    Spells: 5/5 levels left

rFire    . . .     SeeInvis +   a - +1 falchion
rCold    . . .     Gourm    .   (no shield)
rNeg     . . .     Faith    .   b - +0 leather armour
rPois    .         Spirit   .   (helmet unavailable)
rElec    .         Reflect  .   (no cloak)
rCorr    .         Harm     .   (no gloves)
MR       .....                  (no boots)
Stlth    +.........             c - amulet of inaccuracy (curse)
HPRegen  0.07/turn              (no ring)
MPRegen  0.09/turn              (no ring)

@: lethally poisoned (0 -> -11)
A: permanent stasis, dig shafts and tunnels, four strong arms, antennae 3
a: Dig, Shaft Self


You were on level 4 of the Dungeon.
You were not hungry.

You visited 1 branch of the dungeon, and saw 4 of its levels.

Inventory:

Hand Weapons
 a - a +1 falchion (weapon)
Missiles
 e - 4 tomahawks of dispersal (quivered)
Armour
 b - a +0 leather armour (worn)
Jewellery
 c - a cursed amulet of inaccuracy (around neck)
Scrolls
 d - a scroll of blinking
Comestibles
 f - 2 rations


   Skills:
 - Level 2.1 Fighting
 * Level 3.0 Long Blades
 - Level 1.0 Throwing
 - Level 1.1 Armour
 - Level 1.7 Dodging
 - Level 2.1 Spellcasting
   Level 2.6 Translocations


You had 5 spell levels left.
You didn't know any spells.

Dungeon Overview and Level Annotations

Branches:
Dungeon (4/15)
 Temple: D:4-7

Altars:

Annotations:
D:4 Pikel


Innate Abilities, Weirdness & Mutations

You cannot be hasted, slowed, berserked, paralysed or teleported.
You can dig through walls and to a lower floor.
Your four strong arms can wield two-handed weapons with a shield.
You have a pair of large antennae on your head. (SInv)


Message History

The orc wizard shouts!
Unknown command.
There is a stone staircase leading up here.
Throwing (i - inventory)
e - 5 tomahawks of dispersal (quivered)
Press: ? - help, Shift-Dir - straight line, f - slave
Aim: a slave, wearing an animal skin You throw a tomahawk of dispersal.
The tomahawk of dispersal misses the slave.
The slave hits you.
Unknown command.
Pikel says, "You'll feel the lick of my whip!"
Are you sure you want to shaft yourself?
You feel quite a bit more hungry. The slave hits you. The worker ant bites you.
* * * LOW HITPOINT WARNING * * *
You are lethally poisoned!
The worker ant poisons you!
You begin to dig a shaft.
You continue digging a shaft.
* * * LOW HITPOINT WARNING * * *
You feel sick. The worker ant barely misses you. The slave hits you.
You die...

#.o{{...#
#.{####.#
#..# #O#
#..# #o#
#..# #p####
#..####.#..#
###....K.#
#####pa#
#.@## #### {
{


You could see Pikel, an ogre, 2 slaves, a worker ant and an orc wizard.

Vanquished Creatures
  A leopard gecko (D:1)
  A giant cockroach (D:1)
  2 goblins (D:1)
  A hobgoblin (D:1)
  3 kobolds (D:1)
  2 bats
  A frilled lizard (D:3)
  A rat (D:1)
12 creatures vanquished.

Vanquished Creatures (others)
  5 toadstools (D:1)
5 creatures vanquished.

Grand Total: 17 creatures vanquished

Notes
Turn   | Place    | Note
-------+----------+-------------------------------------------
     0 | D:1      | 4thArraOfDagon the Formicid Warper began the quest for the Orb.
     0 | D:1      | Reached XP level 1. HP: 16/16 MP: 3/3
   141 | D:1      | Reached XP level 2. HP: 22/22 MP: 5/5
   186 | D:1      | You fall through a shaft!
   480 | D:2      | Reached skill level 3 in Long Blades
   543 | D:4      | Noticed Pikel
   543 | D:4      | Noticed a slave
   543 | D:4      | Noticed a slave
   543 | D:4      | Noticed a slave
   543 | D:4      | Noticed an ogre
   546 | D:4      | Noticed a slave
   562 | D:4      | Slain by a slave

Vault maps used:
D:1:      ldierk_walled_garden, kennysheep_doodads
D:2:      first_ration
D:4:      kennysheep_kobold_camp, serial_shops, shop, uniq_pikel

Skill      XL: |  1  2 |
---------------+-------+-----
Long Blades    | 3 |  3.0
Fighting       | |  2.1
Throwing       | |  1.0
Armour         | |  1.1
Dodging        | |  1.7
Spellcasting   | |  2.1
Translocations | |  2.6

Action                   || total
-------------------------++-------
Melee: Falchion          ||    50
Throw: Tomahawk          ||     1
 Abil: Dig               ||     2
       Shaft Self        ||     2
  Use: Scroll            ||     1
Armor: Leather armour    ||    14
Dodge: Dodged            ||    34
       Rpst.: Falchion   ||     8

Table legend:
 A = Spawn XP
 B = Non-spawn XP
 C = Spawn XP percentage of total XP
 D = Spawn monster count
 E = Non-spawn monster count
 F = Spawn count percentage of total count
 G = Total turns spent on level
                    A         B        C        D         E        F      G
               +---------+---------+-------+---------+---------+-------+---------
         Total |       0 |      20 |   0.0 |       0 |      12 |   0.0 |   562
               +---------+---------+-------+---------+---------+-------+---------
           D:1 |       0 |      18 |   0.0 |       0 |      10 |   0.0 |   188
           D:2 |       0 |       1 |   0.0 |       0 |       1 |   0.0 |   320
           D:3 |       0 |       1 |   0.0 |       0 |       1 |   0.0 |    19
               +---------+---------+-------+---------+---------+-------+---------
